 Dungeon Crawl Stone Soup version 0.26.0-16-gc1dbca0489 (webtiles) character file.

Game seed: 2792899276241296150

116 thiole the Sneak (level 5, -2/31 HPs)
             Began as an Octopode Hedge Wizard on Jan 20, 2021.
             Slain by a river rat (5 damage)
             ... in a sewer.
             The game lasted 00:03:36 (3440 turns).

thiole the Sneak (Octopode Hedge Wizard)            Turns: 3440, Time: 00:03:37

Health: -2/31      AC:  1    Str:  9    XL:     5   Next: 1%
Magic:  9/10       EV: 13    Int: 18    God:
Gold:   151        SH:  0    Dex: 11    Spells: 10/11 levels left

rFire    . . .     SeeInvis .   a - +0 dagger
rCold    . . .     Faith    .   (no shield)
rNeg     . . .     Spirit   .   b - +0 hat
rPois    .         Reflect  .   (no amulet)
rElec    .         Harm     .   (no ring)
rCorr    .         Rampage  .   (no ring)
Will     .....                  (no ring)
Stlth    ++++......             (no ring)
HPRegen  0.10/turn              (no ring)
MPRegen  0.12/turn              (no ring)
                                (no ring)
                                (no ring)

@: no status effects
A: almost no armour, stealthy swim, amphibious, 8 rings, constrict 8, camouflage
1, gelatinous body 1
a: no special abilities


You were in a sewer.
You visited 1 branch of the dungeon, and saw 3 of its levels.
You also visited: Sewer.

You collected 151 gold pieces.

Inventory:

Hand Weapons
 a - a +0 dagger (weapon)
 n - a +0 dagger of speed
Armour
 b - a +0 hat (worn)
 l - a +0 tower shield
Jewellery
 i - a cursed amulet of inaccuracy {unknown}
 k - an uncursed ring of stealth {unknown}
Scrolls
 c - 2 scrolls of identify {unknown}
 d - a scroll of random uselessness {unknown}
 e - a scroll of remove curse {unknown}
 g - a scroll of amnesia {unknown}
 h - 2 scrolls of enchant armour {unknown}
 m - a scroll of teleportation {unknown}
Potions
 f - 2 potions of curing {unknown}
 j - a potion of degeneration {unknown}
 o - a potion of attraction {unknown}


   Skills:
 - Level 2.0 Dodging
 + Level 4.7 Stealth
 + Level 3.8 Spellcasting
 - Level 2.0 Conjurations
 - Level 2.0 Summonings
 - Level 1.0 Translocations


You had 10 spell levels left.
You knew the following spells:

 Your Spells              Type           Power        Failure   Level
a - Magic Dart            Conj           40%          7%          1

Your spell library contained the following spells:

 Spells                   Type           Power        Failure   Level
 Call Imp                 Summ           10%          10%         2
 Blink                    Tloc           N/A          16%         2
 Slow                     Hex            3%           22%         2
 Conjure Flame            Conj/Fire      7%           30%         3
 Mephitic Cloud           Conj/Pois/Air  5%           34%         3


Dungeon Overview and Level Annotations

Branches:
Dungeon (3/15)              Sewer (1/1)

Altars:

Annotations:
D:3 Ijyb, Terence


Innate Abilities, Weirdness & Mutations

You cannot wear most types of armour.
You are very stealthy in the water. (Stealth+)
You are amphibious.
You can wear up to eight rings at the same time.
You can use your tentacles to constrict eight enemies at once.
Your skin changes colour to match your surroundings (Stealth+).
Your rubbery body absorbs attacks. (AC +1, EV +1)


Message History

You feel clever.
You hit the river rat but do no damage. Your grab misses the river rat.
The river rat completely misses you.
You hit the river rat but do no damage. Your grab misses the river rat.
The river rat bites you.
You closely miss the river rat. You grab the river rat.
You constrict the river rat. The river rat misses you.
You hit the river rat but do no damage.
The river rat is lightly wounded.
You constrict the river rat. The river rat bites you.
You hit the river rat.
The river rat is moderately wounded.
You constrict the river rat. The river rat bites you!
* * * LOW HITPOINT WARNING * * *
You hit the river rat but do no damage.
You squeeze the river rat, but do no damage.
The river rat is heavily wounded.
You constrict the river rat, but do no damage.
The river rat bites you.
You die...

.. #. #. #. #. .#
#################r######
≈...≈≈.≈≈..≈....@≈≈..†≈≈
≈.≈≈≈≈≈≈≈≈.≈...≈≈...≈≈..
########################


You could see a river rat.

Vanquished Creatures
  4 adders
  A river rat (Sewer)
  An ooze (D:2)
  A dart slug (D:1)
  5 leopard geckos
  3 giant cockroaches (D:1)
  5 goblins
  A hobgoblin (D:1)
  8 jackals
  9 kobolds
  4 quokkas (D:2)
  A ball python (Sewer)
  4 bats
  5 frilled lizards
  8 rats
60 creatures vanquished.

Vanquished Creatures (others)
  5 plants (D:2)
5 creatures vanquished.

Grand Total: 65 creatures vanquished

Notes
Turn   | Place    | Note
-------+----------+-------------------------------------------
     0 | D:1      | thiole the Octopode Hedge Wizard began the quest for the
                  | Orb.
     0 | D:1      | Reached XP level 1. HP: 11/11 MP: 4/4
   323 | D:1      | Reached XP level 2. HP: 17/17 MP: 1/6
   590 | D:1      | Reached skill level 3 in Stealth
  1044 | D:1      | Reached XP level 3. HP: 5/21 MP: 2/7
  2139 | D:2      | Reached XP level 4. HP: 27/27 MP: 3/9
  2248 | D:2      | Reached skill level 4 in Stealth
  2389 | D:2      | Found a faded altar of an unknown god.
  2955 | D:3      | Noticed Ijyb
  3007 | D:3      | Noticed Terence
  3308 | D:3      | Found a glowing drain.
  3312 | Sewer    | Entered a sewer
  3435 | Sewer    | Reached XP level 5. HP: 20/31 MP: 8/10
  3440 | Sewer    | Slain by a river rat

Illustrated notes

Levels and vault maps discovered:
D:1:      amcnicky_arrival_wind_blow, layout_basic, hangedman_decor_growths,
          hangedman_decor_diamond_cutter, minmay_tall_x
D:2:      layout_loops_ring, chequers_ecumenical_altar_grove,
          lexackson_kobold_supper
D:3:      layout_loops_cross, gup_sewer_entry_bowl, uniq_ijyb, uniq_terence
Sewer:    sewer_co_cracked_pipes

Skill      XL: |  1  2  3  4 |
---------------+-------------+-----
Stealth        | 3 4 |  4.7
Conjurations   | 2 |  2.0
Summonings     | 2 |  2.0
Dodging        | |  2.0
Spellcasting   | |  3.8
Translocations | |  1.0

Action                   |  1- 3 |  4- 6 || total
-------------------------+-------+-------++-------
Melee: Dagger            |    35 |    61 ||    96
       Constrict         |     8 |     9 ||    17
       Tentacles         |     6 |    10 ||    16
 Cast: Magic Dart        |    72 |    26 ||    98
 Stab: Sleeping          |       |     2 ||     2
Armor: Skin              |     2 |     9 ||    11
Dodge: Dodged            |    29 |    40 ||    69
